 Dungeon Sprint DCSS version 0.30-a0-58-gc0703345a7 (webtiles) character file.

Game seed: 16194372761229404147

108 mhtbhm the Geomancer (level 4, -12/24 HPs)
             Began as a Gargoyle Earth Elementalist on Sept 11, 2022.
             Mangled by a soul eater (17 damage)
             ... summoned by a kobold demonologist
             ... in the Dungeon (Sprint III: "The Ten Rune Challenge").
             The game lasted 00:01:49 (814 turns).

mhtbhm the Geomancer (Gargoyle Earth Elementalist)   Turns: 814, Time: 00:01:50

Health: -12/24     AC:  6    Str: 16    XL:     4   Next: 87%
Magic:  2/10       EV: 12    Int: 16    God:
Gold:   25         SH:  0    Dex:  9    Spells: 6/12 levels left

rFire   . . .      SeeInvis .    (no weapon)
rCold   . . .      Faith    .    (no shield)
rNeg    + . .      Spirit   .    a - +0 robe
rPois   ∞          Reflect  .    (no helmet)
rElec   +          Harm     .    (no cloak)
rCorr   .          Rampage  .    (no gloves)
Will    .....      NoTele   +    (no boots)
Stlth   ++........               (no amulet)
HPRegen 0.08/turn                (no ring)
MPRegen 0.12/turn                (no ring)

@: no status effects
A: sickness immunity, AC +3, negative energy resistance 1, electricity
resistance, torment resistance 1, petrification resistance, shaggy fur 1, strong
1
a: no special abilities


You were in the Dungeon.
You visited 1 branch You collected 25 gold pieces.

Inventory:

Armour
 a - a +0 robe (worn)
Scrolls
 h - a scroll of torment {unknown}
 i - a scroll of fog {unknown}
 k - a scroll of poison {unknown}
 l - 2 scrolls of identify
Potions
 b - 3 potions of magic
 c - a potion of curing
 d - 2 potions of heal wounds
 f - 2 potions of mutation
 j - 3 potions of flight


   Skills:
 - Level 0.1 Fighting
 + Level 2.5 Dodging
 + Level 4.0 Stealth
 - Level 0.5 Unarmed Combat
 + Level 4.8 Spellcasting
 + Level 1.1 Conjurations
 + Level 1.1 Transmutations
 + Level 8.4 Earth Magic


You had 6 spell levels left.
You knew the following spells:

 Your Spells              Type           Power      Damage    Failure   Level
a - Sandblast             Erth           60%        2d14      1%          1
b - Passwall              Tmut/Erth      15%        N/A       3%          2
c - Stone Arrow           Conj/Erth      38%        3d9       6%          3

Your spell library contained the following spells:

 Spells                   Type           Power      Damage    Failure   Level
 Petrify                  Tmut/Erth      19%        N/A       22%         4


Dungeon Overview and Level Annotations

Branches:
Dungeon (1/1)

Altars:
Kikubaaqudgha
Sif Muna
Vehumet


Innate Abilities, Weirdness & Mutations

You are immune to sickness and miasma.
Your stone body is resilient. (AC +3)
You are immune to poison.
You resist negative energy. (rN+)
You are resistant to electric shocks. (rElec)
You are resistant to unholy torment.
You are immune to petrification.
You are covered in fur. (AC +1)
Your muscles are strong. (Str +4, Int/Dex -1)


Message History

Casting: Sandblast (safe; 1% risk of failure)
Confirm with . or Enter, or press ? or * to list all spells.
Aiming: Sandblast (safe; 1% risk of failure)
Press: ? - help, Shift-Dir - straight line, f/p - kobold demonologist
Aim: a kobold demonologist, wielding a +2 dagger of venom and wearing a +0 robe (moderately wounded, 78% to hit)
The blast of sand hits the kobold demonologist.
The kobold demonologist is severely wounded.
The kobold demonologist miscasts a cantrip.
Unknown command.
Okay, then.
Casting: Sandblast (safe; 1% risk of failure)
Confirm with . or Enter, or press ? or * to list all spells.
Aiming: Sandblast (safe; 1% risk of failure)
Press: ? - help, Shift-Dir - straight line, f/p - kobold demonologist
Aim: a kobold demonologist, wielding a +2 dagger of venom and wearing a +0 robe (severely wounded, 78% to hit)
The blast of sand hits the soul eater but does no damage.
The soul eater barely misses you.
Unknown command.
Unknown command.
Unknown command.
Casting: Sandblast (safe; 1% risk of failure)
Confirm with . or Enter, or press ? or * to list all spells.
Aiming: Sandblast (safe; 1% risk of failure)
Press: ? - help, Shift-Dir - straight line, f/p - kobold demonologist
Aim: a kobold demonologist, wielding a +2 dagger of venom and wearing a +0 robe (severely wounded, 78% to hit)
The blast of sand hits the soul eater but does no damage.
The soul eater misses you. The soul eater hits you!!
Ouch! That really hurt!
* * * LOW HITPOINT WARNING * * *
Unknown command.
Casting: Sandblast (safe; 1% risk of failure)
Confirm with . or Enter, or press ? or * to list all spells.
Aiming: Sandblast (safe; 1% risk of failure)
Press: ? - help, Shift-Dir - straight line, f/p - kobold demonologist
Aim: a kobold demonologist, wielding a +2 dagger of venom and wearing a +0 robe (severely wounded, 78% to hit)
The blast of sand hits the soul eater.
The soul eater is lightly wounded.
The soul eater hits you!
Ouch! That really hurt!
You die...

.#...#### ##.#
.#......#####..#
##.......#..#..#
.##.##...#..#..###+#+###+
.##.###..##'#..#.........
####.##..###...'.⌠.......
##..##..####...#...######
....##..###....#.⌠.#
#..##...##.....#@..#
†.##....#......#3###
.###..##.#.....#K: .# #..
####....#___ ▓▓ ▓▓▓
▓▓▓▓▓▓▓▓▓▓


You could see a soul eater (summoned) and a kobold demonologist.

Vanquished Creatures
  A water elemental (D)
  A wizard (D)
  A human (D)
  A phantom (D)
  An endoplasm (D)
  3 rats (D)
8 creatures vanquished.

Notes
Turn   | Place    | Note
-------+----------+-------------------------------------------
     0 | D        | mhtbhm the Gargoyle Earth Elementalist began the quest for
                  | the Orb.
     0 | D        | Reached XP level 1. HP: 10/10 MP: 3/3
     9 | D        | Reached skill level 4 in Earth Magic
   115 | D        | Reached skill level 6 in Earth Magic
   115 | D        | Reached XP level 2. HP: 9/15 MP: 1/5
   148 | D        | Learned a level 2 spell: Passwall
   294 | D        | Reached XP level 3. HP: 7/19 MP: 0/7
   496 | D        | Learned a level 3 spell: Stone Arrow
   518 | D        | Gained mutation: Your muscles are strong. (Str +4, Int/Dex
                  | -1) [potion of mutation]
   518 | D        | Gained mutation: You are covered in fur. (AC +1) [potion of
                  | mutation]
   524 | D        | Noticed a water elemental
   668 | D        | Killed a water elemental
   669 | D        | Reached skill level 1 in Transmutations
   669 | D        | Reached skill level 7 in Earth Magic
   669 | D        | Reached XP level 4. HP: 14/24 MP: 2/10
   805 | D        | Found a radiant altar of Vehumet.
   805 | D        | Found a shimmering blue altar of Sif Muna.
   805 | D        | Found an ancient bone altar of Kikubaaqudgha.
   805 | D        | Noticed a wizard
   808 | D        | Killed a wizard
   809 | D        | Reached skill level 1 in Conjurations
   809 | D        | Reached skill level 8 in Earth Magic
   810 | D        | Noticed a soul eater
   814 | D        | Mangled by a soul eater

Illustrated notes

Levels and vault maps discovered:
D:        dungeon_sprint_mu [sprint_mu_entry_cave, sprint_mu_temple_rooms,
          sprint_mu_d1_horrors, sprint_mu_d2_genie, sprint_mu_d3_branching,
          sprint_mu_orc_legion, sprint_mu_elf_gauntlet, sprint_mu_hive_nellie,
          sprint_mu_lair_fedhas, sprint_mu_vaults_butterflies,
          sprint_mu_slime_circle, sprint_mu_swamp_cave, sprint_mu_snake_twists,
          sprint_mu_blade_basic, sprint_mu_crypt_chambers,
          sprint_mu_tomb_spiral, sprint_mu_vestibule_basic,
          sprint_mu_gehenna_hellfire, sprint_mu_dis_giant,
          sprint_mu_tartarus_statrot, sprint_mu_cocytus_islands, sprint_mu_zot1]

Skill      XL: |  1  2  3  4 |
---------------+-------------+-----
Earth Magic    | 6 7 8 |  8.4
Dodging        | 2 |  2.5
Stealth        | 3 4 |  4.0
Spellcasting   | 3 4 |  4.8
Transmutations | 1 |  1.1
Conjurations   | 1 |  1.1
Fighting       | |  0.1
Unarmed Combat | |  0.5

Action                   |  1- 3 |  4- 6 || total
-------------------------+-------+-------++-------
Melee: Unarmed           |    15 |       ||    15
 Cast: Sandblast         |    16 |     9 ||    25
       Stone Arrow       |     1 |       ||     1
  Use: Potion            |     3 |       ||     3
       Scroll            |     1 |       ||     1
Armor: Robe              |     1 |     2 ||     3
Dodge: Dodged            |    11 |     4 ||    15

Table legend: (Time is in decaauts)
 A = Elapsed time spent in this place.
 B = Non-inter-level travel time spent in this place.
 C = Inter-level travel time spent in this place.
 D = Time resting spent in this place.
 E = Time spent auto-exploring this place.
 F = Levels seen in this place.
 G = Mean time per level.
                   A        B        C        D        E       F      G
               +--------+--------+--------+--------+--------+-----+--------+
         Total |    810 |    810 |      0 |    608 |     36 |   1 |  810.0 |
       Dungeon |    810 |    810 |      0 |    608 |     36 |   1 |  810.0 |
               +--------+--------+--------+--------+--------+-----+--------+

Top non-repeatable levels by time:
       D: 810 daAuts
